 Dungeon Crawl Stone Soup version 0.30-a0-738-g116ff8c4af (webtiles) character file.

Game seed: 14115870254641969268

3929 kae the Geomancer (level 10, -7/50 HPs)
             Began as a Gargoyle Earth Elementalist on Feb 3, 2023.
             Mangled by an orc warlord
             ... wielding a +4 battleaxe
              (18 damage)
             ... in a bailey.
             The game lasted 00:11:09 (7362 turns).

kae the Geomancer (Gargoyle Earth Elementalist)     Turns: 7362, Time: 00:11:09

Health: -7/50      AC: 18    Str: 13    XL:     10   Next: 21%
Magic:  1/19       EV: 11    Int: 19    God:
Gold:   1196       SH:  0    Dex: 10    Spells: 7/21 levels left

rFire   . . .      SeeInvis .    b - +4 spear (flame)
rCold   . . .      Faith    .    (no shield)
rNeg    + . .      Spirit   .    l - +3 leather armour
rPois   ∞          Reflect  .    (no helmet)
rElec   +          Harm     .    x - +0 cloak
rCorr   .          Rampage  .    (no gloves)
Will    .....                    (no boots)
Stlth   ++                       o - amulet of magic regeneration
HPRegen 0.28/turn                L - ring of flight
MPRegen 0.56/turn                O - +4 ring of protection

@: flying, very slightly contaminated
A: sickness immunity, AC +7, negative energy resistance 1, electricity
resistance, torment resistance 1, petrification resistance
a: no special abilities


You were in a bailey.
You visited 2 branches of the dungeon, and saw 9 of its levels.
You also visited: Bailey.

You collected 1232 gold pieces.
You spent 36 gold pieces at shops.


Innate Abilities, Weirdness & Mutations

You are immune to sickness and miasma.
Your stone body is resilient. (AC +7)
You are immune to poison.
You resist negative energy. (rN+)
You are resistant to electric shocks. (rElec)
You are resistant to unholy torment.
You are immune to petrification.


   Skills:
 - Level 1.5 Dodging
 - Level 2.1 Stealth
 + Level 6.1 Spellcasting
 * Level 9.5 Conjurations
 + Level 2.3 Summonings
 - Level 0.7 Transmutations
 * Level 11.4 Earth Magic


You had 7 spell levels left.
You knew the following spells:

 Your Spells              Type           Power      Damage    Failure   Level
a - Sandblast             Erth           98%        2d20      1%          1
b - Stone Arrow           Conj/Erth      90%        3d12      1%          3
c - Passwall              Tmut/Erth      23%        N/A       1%          2
d - Petrify               Tmut/Erth      28%        N/A       12%         4
e - Animate Armour        Summ/Erth      64%        N/A       9%          4

Your spell library contained the following spells:

 Spells                   Type           Power      Damage    Failure   Level
 Magic Dart               Conj           100%       1d8       1%          1
 Searing Ray              Conj           84%        2d7       1%          2
 Static Discharge         Conj/Air       46%        2-4/arc   3%          2
 Hailstorm                Conj/Ice       23%        3d7       6%          3
 Sting                    Tmut/Pois      28%        1d4       12%         1
 Freeze                   Ice            20%        1d4       14%         1
 Slow                     Hex            20%        N/A       14%         1
 Fulminant Prism          Conj/Hex       11%        3d8       21%         4
 Lesser Beckoning         Tloc           10%        N/A       22%         2
 Poisonous Vapours        Pois/Air       10%        N/A       22%         2
 Iron Shot                Conj/Erth      22%        9d5       28%         6
 Confusing Touch          Hex            5%         N/A       38%         3
 Frozen Ramparts          Ice            10%        1d2       38%         3
 Gell's Gravitas          Tloc           5%         N/A       38%         3
 Inner Flame              Hex/Fire       5%         N/A       38%         3
 Teleport Other           Tloc           5%         N/A       38%         3
 Vampiric Draining        Necr           5%         2d6       38%         3
 Vhi's Electric Charge    Tloc/Air       10%        N/A       38%         3
 Arcjolt                  Conj/Air       11%        1d21      50%         5
 Lightning Bolt           Conj/Air       11%        1d24      50%         5
 Cause Fear               Hex            2%         N/A       80%         4
 Olgreb's Toxic Radiance  Pois           5%         N/A       80%         4
 Blade Hands              Tmut           4%         N/A       96%         5
 Dragon Form              Tmut           4%         N/A       100%        7
 Discord                  Hex            2%         N/A       100%        8
 Dragon's Call            Summ           7%         N/A       100%        9

Inventory:

Hand Weapons
 b - a +4 spear of flaming (weapon)
   (You found it on level 8 of the Dungeon)
Missiles
 e - 2 atropa-tipped darts
 h - 74 stones
 i - 3 curare-tipped darts {=f}
 m - 9 javelins
 q - 10 poisoned darts
 s - a boomerang
Armour
 a - a +1 robe
 l - a +3 leather armour (worn)
   (You took it off a goblin in a bailey)
 x - a +0 cloak (worn)
   (You found it on level 5 of the Dungeon)
Magical Staves
 d - a staff of conjuration {!a}
   (You found it in a bailey)
 p - a staff of earth {!a}
   (You found it on level 3 of the Dungeon)
 y - a staff of cold {!a}
   (You took it off an orc on level 5 of the Dungeon)
Jewellery
 o - an amulet of magic regeneration (around neck)
   (You took it off a kobold on level 4 of the Dungeon)
 L - a ring of flight (left hand)
   (You found it on level 2 of the Dungeon)
 N - a ring of positive energy
   (You took it off a gnoll in a bailey)
 O - a +4 ring of protection (right hand)
   (You found it on level 7 of the Dungeon)
Wands
 u - a wand of acid (12)
   (You found it on level 4 of the Dungeon)
 v - a wand of roots (8)
   (You found it on level 5 of the Dungeon)
Scrolls
 j - 3 scrolls of teleportation {@r4}
 n - 2 scrolls of fear
 r - 2 scrolls of poison
 w - 3 scrolls of vulnerability {!r!r}
 z - 3 scrolls of fog
Potions
 c - 2 potions of degeneration {!q}
 f - 3 potions of lignification {!q}
 g - 2 potions of curing {@q1}
 k - a potion of invisibility
 t - a potion of attraction {!q}
 A - a potion of berserk rage {!q}
 B - a potion of heal wounds {unknown}
 C - a potion of might {unknown}
 D - a potion of haste {unknown}

Dungeon Overview and Level Annotations

Branches:
Dungeon (8/15) Zot: 26844  Temple (1/1) D:4 Zot: 5906  Bailey (1/1) Zot: 4882
   Lair: D:8-11

Altars:
Cheibriados
Dithmenos
Fedhas
Gozag
Hepliaklqana
Kikubaaqudgha
Makhleb
Okawaru
Qazlal
Sif Muna
Trog
Uskayaw
Xom
Yredelemnul
Zin
The Shining One

Shops:
D:1 [   D:2 ([:=* D:3

: #.......#....)....#.......#
##.......##.......##...)...##
#.........#...)...#..)......#
##.........###...###.....[...##
#.....⌠.....###'###.....⌠.....#
##.......o.##88.88##.........##
#.........#.......#.......[.#
##.......##.......##[......##
#.......'.)..o@...[.......#
##.....##.........##.....##
#######.....⌠.....#######
##.........## #.........#
##.......## #.......# ##..∩..##
#######


You could see an orc warlord (petrifying).


Message History

Things that are here:
a +0 hand axe; a +0 leather armour 😮 MP[+1]
Casting: Petrify (quite dangerous; 12% risk of failure)
Confirm with . or Enter, or press ? or * to list all spells.
The spell is quite dangerous to miscast (12% risk of failure)!
Continue anyway?
Aiming: Petrify (quite dangerous; 12% risk of failure)
Press: ? - help, Shift-Dir - straight line, f/p - orc warlord
Aim: an orc warlord, wielding a +4 battleaxe and wearing a +0 chain mail (moderately wounded, chance to affect: 25%)
The orc warlord is moving more slowly.
Your magical contamination has completely faded away. 😮 HP[+1] MP[-4]
You lost 4 mp, and now have 12/19 mp. 😮 MP[+1] Unknown command. 😮 MP[+1] Reach: b) +4 spear (flame)
Press: ? - help, Dir - move target, f/p - orc warlord
Aim: an orc warlord, wielding a +4 battleaxe and wearing a +0 chain mail (moderately wounded, petrifying slowly, about 2% to evade your +4 spear of flaming)
You reach to attack!
You hit the orc warlord. 😮 HP[+1] MP[+1]
The orc warlord stops moving altogether! 😮 MP[+1] Reach: b) +4 spear (flame)
Press: ? - help, Dir - move target, f/p - orc warlord
Aim: an orc warlord, wielding a +4 battleaxe and wearing a +0 chain mail (moderately wounded, petrified, about 2% to evade your +4 spear of flaming)
You reach to attack!
The helpless orc warlord fails to defend itself.
You hit the orc warlord. 😮 HP[+1]
Casting: Petrify (quite dangerous; 12% risk of failure)
Confirm with . or Enter, or press ? or * to list all spells.
Aiming: Stone Arrow (safe; 1% risk of failure)
Press: ? - help, Shift-Dir - straight line, f/p - orc warlord
Aim: an orc warlord, wielding a +4 battleaxe and wearing a +0 chain mail (moderately wounded, petrified, 100% to hit)
The stone arrow hits the orc warlord! 😮 MP[-2]
You lost 2 mp, and now have 14/19 mp.
Casting: Stone Arrow (safe; 1% risk of failure)
Confirm with . or Enter, or press ? or * to list all spells.
Aiming: Stone Arrow (safe; 1% risk of failure)
Press: ? - help, Shift-Dir - straight line, f/p - orc warlord
Aim: an orc warlord, wielding a +4 battleaxe and wearing a +0 chain mail (moderately wounded, petrified, 100% to hit)
The stone arrow hits the orc warlord!! 😮 MP[-2]
You lost 2 mp, and now have 12/19 mp.
Casting: Stone Arrow (safe; 1% risk of failure)
Confirm with . or Enter, or press ? or * to list all spells.
Aiming: Stone Arrow (safe; 1% risk of failure)
Press: ? - help, Shift-Dir - straight line, f/p - orc warlord
Aim: an orc warlord, wielding a +4 battleaxe and wearing a +0 chain mail (heavily wounded, petrified, 100% to hit)
The stone arrow hits the orc warlord!! 😮 MP[-3]
You lost 3 mp, and now have 9/19 mp.
Unknown command.
Casting: Stone Arrow (safe; 1% risk of failure)
Confirm with . or Enter, or press ? or * to list all spells.
Aiming: Stone Arrow (safe; 1% risk of failure)
Press: ? - help, Shift-Dir - straight line, f/p - orc warlord
Aim: an orc warlord, wielding a +4 battleaxe and wearing a +0 chain mail (heavily wounded, petrified, 100% to hit)
The stone arrow hits the orc warlord!!
The orc warlord is no longer petrified. 😮 HP[+1] MP[-2]
You lost 2 mp, and now have 7/19 mp.
Okay, then.
Casting: Stone Arrow (safe; 1% risk of failure)
Confirm with . or Enter, or press ? or * to list all spells.
The spell is quite dangerous to miscast (12% risk of failure)!
Continue anyway? [Y]es or [N]o only, please.
The spell is quite dangerous to miscast (12% risk of failure)!
Continue anyway?
Aiming: Petrify (quite dangerous; 12% risk of failure)
Press: ? - help, Shift-Dir - straight line, f/p - orc warlord
Aim: an orc warlord, wielding a +4 battleaxe and wearing a +0 chain mail (severely wounded, chance to affect: 25%)
You miscast Petrify.
You are very lightly contaminated with residual magic.
Nothing appears to happen.
The orc warlord hits you with a +4 battleaxe!
* * * LOW HITPOINT WARNING * * *
😨 HP[-8] MP[-3]
You take 8 damage, and now have 23/50 hp.
You lost 3 mp, and now have 4/19 mp.
Unknown command.
Casting: Petrify (quite dangerous; 12% risk of failure)
Confirm with . or Enter, or press ? or * to list all spells.
The spell is quite dangerous to miscast (12% risk of failure)!
Continue anyway? [Y]es or [N]o only, please.
The spell is quite dangerous to miscast (12% risk of failure)!
Continue anyway?
Aiming: Petrify (quite dangerous; 12% risk of failure)
Press: ? - help, Shift-Dir - straight line, f/p - orc warlord
Aim: an orc warlord, wielding a +4 battleaxe and wearing a +0 chain mail (severely wounded, chance to affect: 25%)
The orc warlord is moving more slowly.
The orc warlord hits you with a +4 battleaxe!!
* * * LOW HITPOINT WARNING * * *
😱 HP[-21] MP[-4]
You take 21 damage, and now have 2/50 hp.
MASSIVE DAMAGE!! (PAUSE)
You lost 4 mp, and now have 0/19 mp.
Okay, then.
You feel better.
The orc warlord hits you with a +4 battleaxe!!
You die...

Skill      XL: |  1  2  3  4  5  6  7  8  9 10 |
---------------+-------------------------------+-----
Earth Magic    | 4 5 6 7 9 11 | 11.4
Conjurations   | 1 2 3 4 5 7 9 |  9.5
Spellcasting   | 3 4 5 6 |  6.1
Summonings     | 1 2 |  2.3
Dodging        | |  1.5
Stealth        | |  2.1
Transmutations | |  0.7

Action                     |  1- 3 |  4- 6 |  7- 9 | 10-12 || total
---------------------------+-------+-------+-------+-------++-------
  Melee: Unarmed           |    24 |       |       |       ||    24
         Spear             |       |       |     4 |    28 ||    32
         Punch             |       |       |       |     2 ||     2
   Cast: Sandblast         |    50 |    93 |   103 |     6 ||   252
         Stone Arrow       |       |       |    79 |    52 ||   131
         Petrify           |       |       |       |     8 ||     8
  Evoke: Wand              |       |       |     7 |       ||     7
    Use: Scroll            |     4 |     6 |     5 |     3 ||    18
         Potion            |       |     4 |     7 |     1 ||    12
   Stab: Invisible         |       |       |     1 |       ||     1
         Petrified         |       |       |       |     7 ||     7
 Armour: Robe              |    11 |    16 |    68 |    30 ||   125
         Leather armour    |       |       |       |     3 ||     3
  Dodge: Dodged            |    24 |    29 |    84 |    26 ||   163

Levels and vault maps discovered:
D:1:      ebering_hopf_link, layout_basic, serial_shops, nicolae_square_shop,
          minmay_misc_feat_square, minmay_worlds_worst_comb
D:2:      layout_loops_corners, serial_shops, shop_statue,
          nicolae_shop_hallway_plus, nicolae_square_shop, nicolae_shop_crystal,
          nicolae_shop_bloodbath_and_beyond
D:3:      layout_loops_ring, serial_shops, nicolae_shop_behind_doors,
          minmay_misc_feat_room
D:4:      layout_basic, minmay_temple_entry_trees
D:5:      layout_loops_ring, roderic_serpentine_path, uniq_duvessa
D:6:      layout_cave_pools, slow_altar_1, chequers_serial_rivers_micro_e
D:7:      layout_basic, mainiacjoe_overflow_cross_hatched
D:8:      layout_basic, dpeg_lair_monsters, serial_demonic, serial_demonic_a,
          serial_demonic_e, serial_demonic_c, serial_demonic_b,
          serial_demonic_d, enter_bailey_3, serial_park_tiny_pond,
          serial_bayou_pond_e, nrook_mini_backslash, eino_tiny_chamber
Temple:   nicolae_temple_great_sept
Bailey:   bailey_axe_minmay_hex_keep, bailey

Notes
Turn   | Place    | Note
-------+----------+-------------------------------------------
     0 | D:1      | kae the Gargoyle Earth Elementalist began the quest for the
                  | Orb.
     0 | D:1      | Reached XP level 1. HP: 10/10 MP: 3/3
     0 | D:1      | magus.rc [v1.11.3]
    81 | D:1      | You pick up a book of Lightning and begin reading...
    81 | D:1      | You add the spells Static Discharge, Vhi's Electric Charge,
                  | Lightning Bolt and Arcjolt to your library.
   216 | D:1      | Reached skill level 4 in Earth Magic
   231 | D:1      | Reached XP level 2. HP: 12/15 MP: 1/5
   253 | D:1      | HP: 3/15 [giant cockroach (2)]
   372 | D:1      | Found Fuvel's Antique Armour Shop.
   507 | D:1      | Reached XP level 3. HP: 19/19 MP: 4/6
   511 | D:1      | Learned a level 3 spell: Stone Arrow
   514 | D:1      | Learned a level 2 spell: Passwall
   557 | D:1      | You pick up a book of Displacement and begin reading...
   557 | D:1      | You add the spells Lesser Beckoning, Gell's Gravitas and
                  | Teleport Other to your library.
   715 | D:1      | You pick up a book of Conjurations and begin reading...
   715 | D:1      | You add the spells Magic Dart, Searing Ray and Fulminant
                  | Prism to your library.
   918 | D:2      | Found Casmizeh's Armour Boutique.
   942 | D:2      | Reached skill level 1 in Conjurations
   976 | D:2      | Reached skill level 5 in Earth Magic
   976 | D:2      | Reached XP level 4. HP: 24/24 MP: 4/8
  1273 | D:2      | Found Nuidwesk's Weapon Emporium.
  1346 | D:2      | Reached skill level 2 in Conjurations
  1353 | D:2      | Reached XP level 5. HP: 23/28 MP: 2/9
  1434 | D:2      | Found Yraos's Book Shoppe.
  1479 | D:2      | Found Yhusiebe's Jewellery Shop.
  1578 | D:2      | You pick up a book of Debilitation and begin reading...
  1578 | D:2      | You add the spells Slow, Vampiric Draining and Confusing
                  | Touch to your library.
  1596 | D:2      | Found Xerphathri's General Store.
  1604 | D:2      | Bought a scroll of teleportation for 36 gold pieces
  1766 | D:3      | You add the spells Sting, Poisonous Vapours and Olgreb's
                  | Toxic Radiance to your library.
  1905 | D:3      | Found Nyjosu Saik's Book Shoppe.
  1940 | D:3      | Reached skill level 3 in Spellcasting
  2626 | D:4      | Reached skill level 3 in Conjurations
  2666 | D:4      | Reached skill level 6 in Earth Magic
  2666 | D:4      | Reached XP level 6. HP: 32/32 MP: 4/10
  2672 | D:4      | HP: 6/32 [gnoll/+1 flail of protection[a gnoll bouda] (8)]
  2983 | D:4      | Found a staircase to the Ecumenical Temple.
  2990 | Temple   | Entered the Ecumenical Temple
  3287 | D:4      | Reached skill level 4 in Conjurations
  3432 | D:4      | Learned a level 4 spell: Petrify
  3699 | D:5      | Entered Level 5 of the Dungeon
  3704 | D:5      | Reached XP level 7. HP: 32/36 MP: 8/12
  3788 | D:5      | Reached skill level 7 in Earth Magic
  4209 | D:5      | Noticed Dowan
  4263 | D:5      | Killed Dowan
  4264 | D:5      | Reached skill level 5 in Conjurations
  4367 | D:5      | Noticed Duvessa
  4458 | D:5      | Reached skill level 4 in Spellcasting
  4523 | D:5      | Reached XP level 8. HP: 41/41 MP: 9/14
  4663 | D:5      | Killed Duvessa
  4664 | D:5      | Reached skill level 8 in Earth Magic
  4841 | D:6      | Reached skill level 6 in Conjurations
  4957 | D:6      | Reached skill level 9 in Earth Magic
  4987 | D:6      | Found a snail-covered altar of Cheibriados.
  4997 | D:6      | You pick up a book of the Dragon and begin reading...
  4997 | D:6      | You add the spells Cause Fear, Dragon Form and Dragon's
                  | Call to your library.
  5093 | D:6      | Reached skill level 7 in Conjurations
  5235 | D:6      | You pick up a book of Hexes and begin reading...
  5235 | D:6      | You add the spells Inner Flame and Discord to your library.
  5378 | D:7      | Reached skill level 5 in Spellcasting
  5378 | D:7      | Reached XP level 9. HP: 39/45 MP: 9/16
  5573 | D:7      | Found a basalt altar of Yredelemnul.
  5616 | D:7      | You pick up a book of Iron and begin reading...
  5616 | D:7      | You add the spells Animate Armour, Blade Hands and Iron
                  | Shot to your library.
  5691 | D:7      | You pick up a book of Frost and begin reading...
  5691 | D:7      | You add the spells Freeze, Frozen Ramparts and Hailstorm to
                  | your library.
  6122 | D:8      | Noticed a death yak
  6186 | D:8      | Reached skill level 8 in Conjurations
  6186 | D:8      | Reached skill level 10 in Earth Magic
  6213 | D:8      | HP: 11/45 [gnoll/+0 spear[a gnoll bouda] (7)]
  6218 | D:8      | HP: 9/45 [goblin/+0 hand axe (1)]
  6252 | D:8      | Found a flagged portal.
  6263 | Bailey   | Entered a bailey
  6448 | Bailey   | Learned a level 4 spell: Animate Armour
  6603 | Bailey   | Noticed an orc knight
  6642 | Bailey   | Reached skill level 1 in Summonings
  6642 | Bailey   | Killed an orc knight
  6643 | Bailey   | Reached skill level 9 in Conjurations
  6643 | Bailey   | Reached skill level 11 in Earth Magic
  6643 | Bailey   | Reached XP level 10. HP: 29/50 MP: 5/18
  6767 | Bailey   | Reached skill level 2 in Summonings
  6778 | Bailey   | Reached skill level 6 in Spellcasting
  6941 | Bailey   | Noticed an orc warlord
  7166 | Bailey   | Acquired 741 gold pieces
  7361 | Bailey   | HP: 2/50 [orc warlord/+4 battleaxe (22)]
  7362 | Bailey   | Mangled by an orc warlord

Vanquished Creatures
  An orc knight (Bailey)
  Duvessa (D:5)
  2 water moccasins (D:7)
  11 orc warriors
  3 centaurs
  4 ogres
  2 bullfrogs
  A necrophage (D:6)
  5 scorpions
  Dowan (D:5)
  A killer bee (D:8)
  A howler monkey (D:7)
  4 hounds
  3 gnoll boudas
  An orc priest (D:8)
  2 jellies
  An iguana (D:2)
  2 orc wizards
  A mummy (D:6)
  8 adders
  30 gnolls
  2 shadow imps
  2 white imps
  2 ufetubi
  A worm (D:3)
  6 dart slugs
  39 orcs
  8 endoplasms
  8 giant cockroaches
  18 goblins
  14 hobgoblins
  3 quokkas
  6 ball pythons
  7 bats
  4 frilled lizards
  5 kobolds
  2 rats (D:2)
212 creatures vanquished.

Vanquished Creatures (others)
  A goblin (D:8)
  5 plants (D:7)
6 creatures vanquished.

Grand Total: 218 creatures vanquished

Table legend:
 A = Non-vault XP
 B = Vault XP
 C = Vault XP percentage of total XP
 D = Non-vault monster count
 E = Vault monster count
 F = Vault count percentage of total count
                 A         B        C        D         E       F
            +---------+---------+-------+---------+---------+-------
      Total |    3223 |    2390 |  42.6 |     159 |      53 |  25.0
            +---------+---------+-------+---------+---------+-------
        D:1 |      40 |       8 |  16.7 |      21 |       4 |  16.0
        D:2 |     138 |       0 |   0.0 |      23 |       0 |   0.0
        D:3 |      53 |       0 |   0.0 |      16 |       0 |   0.0
        D:4 |     368 |       0 |   0.0 |      28 |       0 |   0.0
        D:5 |     621 |     219 |  26.1 |      28 |       2 |   6.7
        D:6 |     775 |      18 |   2.3 |      12 |       1 |   7.7
        D:7 |     701 |       0 |   0.0 |      13 |       0 |   0.0
        D:8 |     527 |      13 |   2.4 |      18 |       2 |  10.0
     Bailey |       0 |    2132 | 100.0 |       0 |      44 | 100.0
            +---------+---------+-------+---------+---------+-------

Illustrated notes

Table legend:
 A = Kills in this place as a percentage of kills in entire the game.
 B = Kills by you in this place as a percentage of kills by you in the entire game.
 C = Kills by friends in this place as a percentage of kills by friends in the entire game.
 D = Other kills in this place as a percentage of other kills in the entire game.
 E = Experience gained in this place as a percentage of experience gained in the entire game.
 F = Experience gained in this place divided by the number of levels of this place that you have seen.
                   A       B       C       D       E      F
               +-------+-------+-------+-------+-------+----------------------
         Total | 100.0 | 100.0 |   N/A |   N/A | 100.0 | 561.3
       Dungeon |  79.2 |  79.2 |   N/A |   N/A |  62.0 | 435.1
        Bailey |  20.8 |  20.8 |   N/A |   N/A |  38.0 | 2132.0
               +-------+-------+-------+-------+-------+----------------------

Table legend: (Time is in decaauts)
 A = Elapsed time spent in this place.
 B = Non-inter-level travel time spent in this place.
 C = Inter-level travel time spent in this place.
 D = Time resting spent in this place.
 E = Time spent auto-exploring this place.
 F = Levels seen in this place.
 G = Mean time per level.
                   A        B        C        D        E       F      G
               +--------+--------+--------+--------+--------+-----+--------+
         Total |   7488 |   7215 |    273 |    656 |   5053 |  10 |  748.8 |
       Dungeon |   6278 |   6018 |    260 |    359 |   4645 |   8 |  784.8 |
        Temple |     93 |     80 |     13 |      0 |     72 |   1 |   93.0 |
        Bailey |   1116 |   1116 |      0 |    297 |    336 |   1 | 1116.0 |
               +--------+--------+--------+--------+--------+-----+--------+

Top non-repeatable levels by time:
     D:5: 1135 daAuts
  Bailey: 1116 daAuts
     D:4: 1115 daAuts
     D:2: 998 daAuts
     D:7: 843 daAuts
     D:3: 816 daAuts
     D:1: 771 daAuts
     D:6: 492 daAuts
     D:8: 103 daAuts
  Temple: 93 daAuts
